Map: Odyssey LE

Players

Metasapien - Winner!

  • Race: Zerg Zerg
  • League: Platinum
  • Spawn Location: 11:00

Cheater 1 (Vision)

  • Race: Protoss Protoss
  • Spawn Location: 5:00

VOD

Have the link to the VOD?

Description

Time

  • Played on: Sept. 24, 2017, 10:55 p.m.
  • Length: 12:32
Show
View Real Time Build Order
Export as new Build Order

Metasapien Zerg - Winner!

Build Orders: 3 Hatch before Pool 

Get SALT Encoding   

  12  0:10  Overlord  
  12  0:16  Drone  
  13  0:39  Drone  
  13  0:41  Drone  
  15  0:52  Hatchery  
  14  1:18  Drone  
  15  1:24  Extractor  
  14  1:29  Hatchery  
  14  1:30  Drone x2  
  15  1:54  Drone, Spawning Pool  
  15  1:55  Drone  
  15  1:59  Drone  
  17  2:14  Drone  
  17  2:15  Drone  
  19  2:21  Drone  
  20  2:28  Drone x2  
  22  2:30  Drone  
  23  2:42  Drone  
  24  2:45  Drone  
  24  2:48  Drone  
  26  2:51  Drone  
  27  3:00  Queen  
  27  3:05  Overlord  
  29  3:10  Drone  
  30  3:13  Overlord  
  30  3:16  Extractor  
  29  3:22  Zergling x2  
  29  3:24  Metabolic Boost  
  29  3:26  Queen  
  32  3:28  Drone  
  32  3:30  Queen  
  32  3:32  Drone  
  36  3:34  Drone  
  36  3:35  Drone  
  38  3:43  Drone x2  
  40  3:50  Extractor  
  40  3:51  Drone  
  40  3:52  Extractor  
  40  3:53  Drone  
  40  3:56  Drone x3  
  40  3:58  Overlord  
  43  4:04  Overlord  
  43  4:08  Drone  
  44  4:14  Drone x3  
  47  4:17  Drone  
  47  4:20  Lair  
  48  4:25  Roach Warren  
  48  4:28  Baneling Nest  
  48  4:29  Drone  
  48  4:30  Drone  
  48  4:33  Zergling x2  
  48  4:34  Zergling x2  
  48  4:38  Drone x2  
  52  4:41  Drone x3  
  52  4:43  Drone x2  
  52  4:44  Drone  
  57  4:49  Queen  
  59  5:02  Drone x2  
  61  5:08  Drone x4  
  61  5:09  Overlord  
  61  5:10  Overlord x2  
  65  5:15  Pneumatized Carapace  
  65  5:16  Hatchery  
  64  5:25  Burrow  
  64  5:27  Evolution Chamber  
  63  5:29  Hydralisk Den  
  63  5:33  Infestation Pit  
  63  5:35  Drone  
  62  5:36  Drone x4  
  62  5:42  Drone x2  
  68  5:43  Roach  
  68  5:44  Roach  
  68  5:46  Drone x3  
  68  5:47  Roach x2  
  79  5:54  Zerg Ground Armor Level 1  
  79  5:58  Hydralisk  
  79  5:59  Hydralisk x2  
  85  6:05  Queen  
  85  6:07  Overlord x3  
  85  6:08  Overlord x2  
  87  6:18  Spine Crawler  
  87  6:20  Spine Crawler  
  87  6:22  Spine Crawler  
  84  6:27  Spine Crawler  
  84  6:28  Spine Crawler, Roach x4, Hydralisk x4  
  84  6:29  Roach  
  84  6:31  Queen  
  102  6:36  Queen  
  102  6:37  Glial Reconstitution  
  102  6:39  Muscular Augments  
  104  6:42  Drone x2  
  104  6:43  Drone x2  
  104  6:45  Roach x5  
  104  6:46  Zergling x6  
  121  6:53  Ravager  
  122  6:59  Drone  
  123  7:02  Extractor  
  123  7:04  Overlord x4, Extractor  
  123  7:06  Overseer  
  123  7:07  Overseer  
  121  7:33  Hydralisk x3  
  121  7:34  Evolution Chamber  
  121  7:35  Drone, Infestor, Hydralisk  
  121  7:36  Roach x2  
  135  7:40  Roach  
  135  7:41  Zergling x12  
  143  7:47  Drone x2  
  143  7:48  Drone  
  143  7:49  Drone x2  
  143  7:50  Drone  
  149  8:00  Hydralisk  
  149  8:01  Roach x3, Hydralisk x2  
  149  8:02  Roach  
  163  8:10  Roach x2  
  163  8:11  Overlord x3  
  167  8:27  Hive  
  167  8:34  Hatchery  
  167  8:36  Extractor  
  167  8:39  Zerg Missile Weapons Level 1  
  165  8:41  Zergling x2  
  165  8:42  Zergling x30  
  181  8:51  Baneling Nest  
  181  8:52  Nydus Network, Zerg Melee Weapons Level 1  
  179  9:00  Drone x4  
  179  9:01  Overlord x3  
  183  9:03  Zergling x2  
  183  9:04  Zergling x12  
  190  9:18  Overlord x2  
  190  9:35  Baneling x2  
  190  9:36  Baneling x6  
  190  9:37  Baneling x3  
  190  9:58  Hatchery  
  189  10:17  Hatchery  
  189  10:18  Extractor  
  183  10:21  Extractor  
  158  10:37  Hydralisk x3  
  158  10:38  Roach x3, Hydralisk  
  158  10:39  Zergling x2, Hydralisk x5  
  158  10:40  Hydralisk x3, Roach x5  
  158  10:41  Roach x3  
  196  10:45  Queen  
  185  11:11  Drone, Queen  
  184  11:29  Ultralisk Cavern  
  183  11:41  Extractor  
  183  11:44  Drone x3, Extractor  
  183  11:45  Drone x3  
  183  11:47  Drone x3  
  190  12:03  Swarm Host  
  199  12:13  Nydus Canal  
Show
View Real Time Build Order
Export as new Build Order

Cheater 1 (Vision) Protoss 

Build Orders: Zealot Archon 

Get SALT Encoding   

  12  0:01  Probe (Chrono Boost)  
  13  0:11  Probe (Chrono Boost)  
  14  0:20  Pylon  
  14  0:22  Probe (Chrono Boost)  
  15  0:38  Probe (Chrono Boost)  
  16  0:47  Assimilator  
  16  0:48  Probe (Chrono Boost)  
  17  0:50  Gateway  
  17  0:59  Probe (Chrono Boost)  
  17  1:01  Pylon  
  18  1:10  Probe (Chrono Boost)  
  19  1:20  Probe (Chrono Boost)  
  20  1:31  Probe (Chrono Boost)  
  21  1:36  Gateway, Zealot  
  23  1:41  Cybernetics Core  
  23  1:42  Probe (Chrono Boost)  
  24  1:48  Pylon  
  24  1:53  Probe (Chrono Boost)  
  25  2:01  Assimilator, Zealot  
  25  2:07  Probe (Chrono Boost)  
  28  2:14  Warp Gate  
  28  2:19  Probe (Chrono Boost)  
  28  2:22  Adept  
  31  2:28  Adept  
  33  2:35  Robotics Facility  
  34  2:37  Probe (Chrono Boost)  
  34  2:48  Adept  
  36  2:54  Adept  
  36  2:56  Pylon  
  39  2:59  Probe (Chrono Boost)  
  39  3:14  Adept  
  39  3:19  Sentry  
  41  3:23  Immortal  
  47  3:32  Pylon  
  47  3:48  Stalker x2  
  47  3:50  Pylon  
  51  3:59  Immortal  
  55  4:08  Pylon  
  55  4:25  Adept  
  55  4:26  Adept  
  55  4:27  Gateway  
  59  4:35  Gateway  
  59  4:45  Adept x2  
  63  5:03  Stalker  
  63  5:04  Adept  
  67  5:21  Zealot  
  67  5:23  Stalker  
  67  5:24  Pylon  
  71  5:42  Adept x2, Zealot  
  77  5:45  Adept  
  77  5:47  Pylon  
  79  5:55  Twilight Council  
  79  6:17  Pylon  
  79  6:35  Zealot  
  79  6:36  Templar Archives  
  79  6:39  Zealot  
  83  6:41  Pylon  
  83  6:45  Zealot  
  85  6:53  Nexus  
  85  7:07  Stalker  
  87  7:08  Observer  
  87  7:14  High Templar x2  
  92  7:18  Pylon  
  92  7:21  Archon  
  92  7:36  High Templar  
  94  7:49  Zealot  
  96  7:59  Zealot  
  96  8:02  High Templar  
  96  8:04  Pylon  
  100  8:07  Probe x2 (Chrono Boost)  
  102  8:18  Probe (Chrono Boost)  
  102  8:19  Probe (Chrono Boost)  
  104  8:26  Stalker  
  106  8:29  Probe (Chrono Boost)  
  106  8:30  Probe (Chrono Boost)  
  106  8:33  Archon  
  108  8:40  Probe (Chrono Boost)  
  110  8:41  High Templar  
  110  8:42  Probe (Chrono Boost)  
  110  8:46  Assimilator  
  112  8:51  Probe (Chrono Boost)  
  112  8:53  Probe (Chrono Boost)  
  114  8:59  Assimilator  
  116  9:10  Probe x2 (Chrono Boost), High Templar  
  116  9:13  Pylon  
  118  9:17  Stalker  
  118  9:21  Probe (Chrono Boost)  
  118  9:23  Probe (Chrono Boost)  
  118  9:24  Stalker  
  124  9:33  Probe (Chrono Boost), Sentry  
  124  9:34  Probe (Chrono Boost), Archon, Pylon  
  128  9:45  Zealot x3  
  134  9:53  Nexus  
  134  9:55  High Templar  
  136  10:03  Zealot  
  136  10:04  High Templar  
  136  10:05  Zealot  
  142  10:15  Pylon  
  142  10:22  Archon, Zealot  
  142  10:25  High Templar, Zealot  
  146  10:34  Zealot  
  128  10:41  Zealot  
  96  10:43  Zealot  
  88  10:53  Observer, Zealot  
  88  10:55  Sentry  
  72  10:59  Zealot  
  72  11:02  High Templar  
  72  11:09  Probe (Chrono Boost)  
  69  11:12  Probe (Chrono Boost)  
  69  11:13  Assimilator, Stalker  
  69  11:16  Sentry  
  69  11:18  Zealot  
  65  11:21  Probe (Chrono Boost)  
  61  11:25  Probe (Chrono Boost)  
  61  11:28  Probe (Chrono Boost)  
  61  11:31  High Templar  
  60  11:35  Zealot  
  60  11:36  Probe (Chrono Boost), Zealot  
  60  11:38  Adept  
  60  11:39  Archon  
  51  11:53  Sentry  
  42  11:55  High Templar  
  42  11:57  Stalker  
  40  12:01  Zealot  
  41  12:14  High Templar  
Tags
 
Add a new tag
Caveats
  • Supply blocks, unpowered buildings, or Contaminate may cause inaccurate times.
  • Supply counts are checked every 10 seconds.